 Dungeon Crawl Stone Soup version 0.30.0-29-ga12c61a403 (webtiles) character file.

Game seed: 4084767062181183506

219 Irreverend the Digger (level 5, -1/28 HPs)
             Began as a Gargoyle Earth Elementalist on June 4, 2023.
             Was an Initiate of Sif Muna.
             Slain by Edmund
             ... wielding a +6 flail of protection
              (15 damage)
             ... on level 4 of the Dungeon.
             The game lasted 00:07:38 (2848 turns).

Irreverend the Digger (Gargoyle Earth Elementalist) Turns: 2848, Time: 00:07:39

Health: -1/28      AC:  6    Str: 12    XL:     5   Next: 96%
Magic:  2/9        EV: 12    Int: 17    God:    Sif Muna [......]
Gold:   218        SH:  0    Dex: 10    Spells: 6/10 levels left

rFire   . . .        (no weapon)
rCold   . . .        (no shield)
rNeg    + . .        a - +0 robe
rPois   ∞            (no helmet)
rElec   +            (no cloak)
rCorr   .            (no gloves)
SInv    .            (no boots)
Will    .....        e - amulet of magic regeneration
Stlth   ++           (no ring)
HPRegen 0.24/turn    (no ring)
MPRegen 0.51/turn

%: no passive effects
@: very slightly contaminated
A: sickness immunity, AC +4, negative energy resistance 1, electricity
resistance, torment resistance 1, petrification resistance
a: Renounce Religion


You were on level 4 of the Dungeon.
You worshipped Sif Muna.
Sif Muna was noncommittal.
You visited 2 branches of the dungeon, and saw 5 of its levels.

You collected 218 gold pieces.

Inventory:

Armour
 a - a +0 robe (worn)
 g - an orb of guile
 m - a +0 kite shield
Jewellery
 e - an amulet of magic regeneration (around neck)
Wands
 t - a wand of digging (2)
Scrolls
 b - a scroll of identify {unknown}
 f - a scroll of immolation {unknown}
 h - a scroll of torment {unknown}
 k - a scroll of poison {unknown}
 n - a scroll of blinking {unknown}
 p - a scroll of teleportation {unknown}
 r - a scroll of magic mapping {unknown}
Potions
 c - 2 potions of degeneration {unknown}
 d - 2 potions of curing {unknown}
 i - a potion of haste {unknown}
 j - 2 potions of brilliance {unknown}
 l - a potion of cancellation {unknown}
 o - a potion of attraction {unknown}
 q - 2 potions of lignification {unknown}
 s - a potion of might {unknown}


   Skills:
 + Level 2.7 Dodging
 - Level 2.1 Stealth
 + Level 3.2 Spellcasting
 + Level 2.2 Conjurations
 - Level 0.7 Transmutations
 + Level 5.4 Earth Magic


You had 6 spell levels left.
You knew the following spells:

 Your Spells              Type           Power      Damage    Failure   Level
a - Sandblast             Erth           42%        2d11      1%          1
b - Stone Arrow           Conj/Erth      30%        3d8       11%         3

Your spell library contained the following spells:

 Spells                   Type           Power      Damage    Failure   Level
 Passwall                 Tmut/Erth      10%        N/A       8%          2
 Petrify                  Tmut/Erth      13%        N/A       43%         4
 Summon Ice Beast         Ice/Summ       2%         N/A       86%         4
 Summon Mana Viper        Hex/Summ       2%         N/A       99%         5
 Monstrous Menagerie      Summ           1%         N/A       100%        7


Dungeon Overview and Level Annotations

Branches:
Dungeon (4/15)             Temple (1/1) D:4

Altars:
Elyvilon
Fedhas
Hepliaklqana
Kikubaaqudgha
Makhleb
Okawaru
Sif Muna
Trog
Uskayaw
Wu Jian
Xom
The Shining One

Annotations:
D:3 2 transporters, knightboat's ghost, amateur TeAE
D:4 Edmund


Innate Abilities, Weirdness & Mutations

You are immune to sickness and miasma.
Your stone body is resilient. (AC +4)
You are immune to poison.
You resist negative energy. (rN+)
You are resistant to electric shocks. (rElec)
You are resistant to unholy torment.
You are immune to petrification.


Message History

Aim: Edmund, wielding a +6 flail of protection and wearing a +0 chain mail (87% to hit)
The blast of sand hits Edmund but does no damage.
Casting: Sandblast (safe; 1% risk of failure)
Confirm with . or Enter, or press ? or * to list all spells.
Aiming: Stone Arrow (quite dangerous; 11% risk of failure)
Press: ? - help, Shift-Dir - straight line, f/p - Edmund
Aim: Edmund, wielding a +6 flail of protection and wearing a +0 chain mail (77% to hit)
You miscast Stone Arrow.
You are very lightly contaminated with residual magic.
You feel a surge of energy from the ground.
Casting: Stone Arrow (quite dangerous; 11% risk of failure)
Confirm with . or Enter, or press ? or * to list all spells.
Aiming: Stone Arrow (quite dangerous; 11% risk of failure)
Press: ? - help, Shift-Dir - straight line, f/p - Edmund
Aim: Edmund, wielding a +6 flail of protection and wearing a +0 chain mail (77% to hit)
The stone arrow hits Edmund!
Edmund is moderately wounded.
Casting: Stone Arrow (quite dangerous; 11% risk of failure)
Confirm with . or Enter, or press ? or * to list all spells.
Aiming: Stone Arrow (quite dangerous; 11% risk of failure)
Press: ? - help, Shift-Dir - straight line, f/p - Edmund
Aim: Edmund, wielding a +6 flail of protection and wearing a +0 chain mail (moderately wounded, 77% to hit)
The stone arrow hits Edmund!
Edmund is heavily wounded.
Edmund hits you with a +6 flail of protection!
Casting: Stone Arrow (quite dangerous; 11% risk of failure)
Confirm with . or Enter, or press ? or * to list all spells.
You don't have enough magic to cast this spell.
Unknown command.
Casting: Stone Arrow (quite dangerous; 11% risk of failure)
Confirm with . or Enter, or press ? or * to list all spells.
Aiming: Sandblast (safe; 1% risk of failure)
Press: ? - help, Shift-Dir - straight line, f/p - Edmund
Aim: Edmund, wielding a +6 flail of protection and wearing a +0 chain mail (heavily wounded, 87% to hit)
The blast of sand hits Edmund but does no damage.
Edmund is heavily wounded.
Edmund clears his throat.
Edmund hits you with a +6 flail of protection! x2
Ouch! That really hurt!
You die...

... .# .. ## .# #.##.
...... ## #.... ......
.#.# ...... .$. ##(.#
#...... ...# ##...#
.....!. [. ....
#....##....... .. ##
#.). #.>@.#....... #..#.
#.#)###...@.#...# .#.
#.#[)#...##.$.# # #.
#.##....####..# #.#.
#.###....# #.#
##...###.#...#.....#...
......).....###.#...#.##
#.#.####..#..# ..#....#
........###.###...####


You could see Edmund.

Vanquished Creatures
  Ijyb (D:4)
  Natasha (D:4)
  An orc wizard (D:4)
  Robin (D:4)
  An adder (D:3)
  3 gnolls (D:2)
  A dart slug (D:1)
  2 worms (D:2)
  5 orcs (D:4)
  6 bats
  7 endoplasms
  2 giant cockroaches (D:1)
  10 goblins
  10 hobgoblins
  5 jackals (D:1)
  A quokka (D:1)
  8 ball pythons
  5 frilled lizards
  8 kobolds
  4 rats
82 creatures vanquished.

Notes
Turn   | Place    | Note
-------+----------+-------------------------------------------
     0 | D:1      | Irreverend the Gargoyle Earth Elementalist began the quest
                  | for the Orb.
     0 | D:1      | Reached XP level 1. HP: 10/10 MP: 3/3
    79 | D:1      | Reached XP level 2. HP: 5/15 MP: 5/5
    80 | D:1      | Reached skill level 4 in Earth Magic
   596 | D:1      | Reached XP level 3. HP: 19/19 MP: 4/6
   981 | D:1      | Learned a level 3 spell: Stone Arrow
  1142 | D:2      | Reached XP level 4. HP: 24/24 MP: 5/7
  1226 | D:2      | Reached skill level 1 in Conjurations
  1265 | D:2      | Found a faded altar of an unknown god.
  2323 | D:3      | Reached skill level 5 in Earth Magic
  2332 | D:3      | Found a transporter.
  2333 | D:3      | Found a transporter.
  2333 | D:3      | Noticed knightboat's ghost (amateur TeAE)
  2333 | D:3      | Noticed an ogre
  2333 | D:3      | Noticed an ogre
  2334 | D:3      | Noticed an ogre
  2580 | D:4      | Noticed Ijyb
  2585 | D:4      | Killed Ijyb
  2586 | D:4      | Reached XP level 5. HP: 28/28 MP: 0/9
  2615 | D:4      | Noticed Natasha
  2620 | D:4      | Killed Natasha
  2686 | D:4      | Found a staircase to the Ecumenical Temple.
  2695 | D:4      | Noticed Robin
  2719 | D:4      | Killed Robin
  2763 | Temple   | Entered the Ecumenical Temple
  2819 | Temple   | Became a worshipper of Sif Muna the Loreminder
  2840 | D:4      | Noticed Edmund
  2848 | D:4      | Slain by Edmund

Illustrated notes

Levels and vault maps discovered:
D:1:      minmay_arrival_split_and_join, layout_basic
D:2:      layout_loops_cross, hellmonk_ecumenical_altar_crossroads,
          dk_vineyard_3, nicolae_grassy_gnolls
D:3:      layout_loops_corners, gammafunk_ghost_smash, minivault_27,
          serial_bayou_ford_a
D:4:      layout_rooms, minmay_temple_entry_wispy, uniq_robin, uniq_ijyb,
          uniq_edmund, uniq_natasha
Temple:   nicolae_temple_hex_pool

Skill      XL: |  1  2  3  4  5 |
---------------+----------------+-----
Earth Magic    | 4 5 |  5.4
Dodging        | 2 |  2.7
Conjurations   | 1 2 |  2.2
Spellcasting   | 3 |  3.2
Stealth        | |  2.1
Transmutations | |  0.7

Action                     |  1- 3 |  4- 6 || total
---------------------------+-------+-------++-------
  Melee: Unarmed           |       |     1 ||     1
   Cast: Sandblast         |    50 |    62 ||   112
         Stone Arrow       |       |     8 ||     8
    Use: Potion            |     1 |       ||     1
 Armour: Robe              |    16 |    12 ||    28
  Dodge: Dodged            |    25 |    23 ||    48
